[Event "Early-Titled-Tuesday-Blitz-March-05-2024"]
[Site "Chess.com"]
[Date "2024.03.05"]
[Round "7"]
[White "Batica1984"]
[Black "only_strong_moves"]
[Result "1-0"]
[WhiteElo "2774"]
[BlackElo "2580"]
[TimeControl "180+1"]
[EndTime "9:18:39 PST"]
[Termination "Batica1984 won by resignation"]

1. e4 e5 2. Nf3 Nc6 3. d4 exd4 4. Nxd4 Nf6 5. Nxc6 bxc6 6. Qe2 Qe7 7. Nc3 d5 8. exd5 Qxe2+ 9. Bxe2 cxd5 10. Nb5 Bb4+ 11. c3 Ba5 12. Bf4 O-O 13. Nxc7 Bxc7 14. Bxc7 Re8 15. Kf1 Ne4 16. Rd1 Bb7 17. f3 Nc5 18. Kf2 Re6 19. Rd2 Rae8 20. Rhd1 g5 21. b3 h5 22. h3 Rf6 23. Bb5 Re7 24. Bd8 Ne4+ 25. Kg1 Nxd2 26. Bxe7 Re6 27. Bxg5 Nxf3+ 28. gxf3 Rg6 29. h4 f6 30. f4 fxg5 31. fxg5 Re6 32. Bd3 Re3 33. Kf2 Rh3 34. Bf5 Rxh4 35. Kg3 1-0

[Event "Early-Titled-Tuesday-Blitz-March-05-2024"]
[Site "Chess.com"]
[Date "2024.03.05"]
[Round "7"]
[White "Viacheslav92"]
[Black "Cheer_Down"]
[Result "0-1"]
[WhiteElo "2517"]
[BlackElo "2422"]
[TimeControl "180+1"]
[EndTime "9:18:41 PST"]
[Termination "Cheer_Down won by checkmate"]

1. d4 d5 2. Bg5 Nf6 3. Bxf6 exf6 4. e3 c5 5. c4 cxd4 6. exd4 Bb4+ 7. Nc3 O-O 8. cxd5 Qxd5 9. Ne2 Re8 10. Qd2 Bxc3 11.
Qxc3 Nc6 12. O-O-O Qxa2 13. Qa3 Qxa3 14. bxa3 Bd7 15. Kb2 Na5 16. Nc3 Rac8 17. Bd3 Nc4+ 18. Bxc4 Rxc4 19. Rhe1 Rxe1 20. Rxe1 Rxd4 21. Ne4 Bc6 22.
Nc5 Rd2+ 23. Kc3 Rxf2 24. Nxb7 g5 25. Nd8 Bxg2 26. Re7 Bd5 27. Rd7 Be6 28. Rxa7 Rxh2 29. a4 g4 30. Ra8 Kg7 31. Ra7 Kg6 32. Nc6 g3 33. Ra8 Kg7 34. Ne7 g2 35. Rg8+ Kh6 36. a5 Kh5 37. a6 Bg4 38. Nd5 Rh3+ 39. Kb2 Rf3 40. a7 g1=Q 41. a8=Q Qg2+ 42. Kc1 Rf1# 0-1

[Event "Early-Titled-Tuesday-Blitz-March-05-2024"]
[Site "Chess.com"]
[Date "2024.03.05"]
[Round "7"]
[White "rnanjo"]
[Black "FlemingA"]
[Result "1-0"]
[WhiteElo "2562"]
[BlackElo "2440"]
[TimeControl "180+1"]
[EndTime "9:18:42 PST"]
[Termination "rnanjo won by checkmate"]

1. e4 e6 2. d4 d5 3. e5 b6 4. c3 Ba6 5. Bxa6 Nxa6 6. Qa4+ Qd7 7. Qxa6 f6 8. Nf3 Ne7 9. a4 Nc6 10. O-O Be7 11. Re1 O-O 12. Qe2 Rae8 13. b3 Na5 14.
Nbd2 c5 15. Ba3 cxd4 16. Bxe7 Qxe7 17. Nxd4 f5 18. Nb5 Rc8 19. Rac1 Nb7 20. Nxa7 Ra8 21. Nb5 Nc5 22. Rb1 g5 23. Nf3 g4 24. Nfd4 Ne4 25. Nd6 Ng5 26. f4 gxf3 27. gxf3 Kh8 28. Kh1 Rg8 29. Rg1 Nh3 30. Rg3 Qh4 31. Qg2 Rxg3 32. Qxg3 Nf2+ 33. Kg2 Rg8 34. Nf7# 1-0

[Event "Early-Titled-Tuesday-Blitz-March-05-2024"]
[Site "Chess.com"]
[Date "2024.03.05"]
[Round "7"]
[White "Viktor_Poddubnyi"]
[Black "aljado"]
[Result "1-0"]
[WhiteElo "2274"]
[BlackElo "2060"]
[TimeControl "180+1"]
[EndTime "9:18:42 PST"]
[Termination "Viktor_Poddubnyi won by resignation"]

1. e4 c5 2. Nf3 e6 3. g3 Nc6 4.
Bg2 a6 5. O-O Be7 6. c3 Nf6 7.
e5 Nd5 8. d4 cxd4 9. cxd4 d6 10. Nc3 Nxc3 11. bxc3 O-O 12. Qe2 d5 13. h4 b5 14. Ng5 Bd7 15. Qd3 Bxg5 16. hxg5 Na5 17. Bf3 Nc4 18. Kg2 Qc7 19. Rh1 g6 20. Rh6 Kg7 21. Bg4 Rac8 22. Qf3 Qd8 23. Qf6+ Kg8 24. Bf4 Ne3+ 25. Bxe3 1-0

[Event "Early-Titled-Tuesday-Blitz-March-05-2024"]
[Site "Chess.com"]
[Date "2024.03.05"]
[Round "7"]
[White "knightinshiningarmour16"]
[Black "Qvalda"]
[Result "0-1"]
[WhiteElo "2254"]
[BlackElo "2431"]
[TimeControl "180+1"]
[EndTime "9:18:43 PST"]
[Termination "Qvalda won by resignation"]

1. d4 d5 2. Nf3 Nf6 3. Bf4 c5 4.
e3 Nc6 5. c3 Qb6 6. Qb3 c4 7.
Qxb6 axb6 8. Na3 e6 9. Nb5 Ra5 10. Nc7+ Kd7 11. a4 Nh5 12. Nb5 Nxf4 13. exf4 f6 14. Kd2 Na7 15. Nxa7 Rxa7 16. Be2 Bd6 17. g3 Kc7 18. Kc2 Bd7 19. b3 cxb3+ 20. Kxb3 Rha8 21. Nd2 Bxa4+ 22. Kb2 b5 23. Ra2 b4 24. cxb4 Bxb4 25. Nf3 Bc6 26. Rxa7 Rxa7 27. Kb3 Bd6 28. Bd3 Ra3+ 29. Kc2 Ra2+ 30. Kc3 Rxf2 31. Ne1 b5 32.
Bxh7 b4+ 33. Kb3 Bb5 34. Nd3 Rf3 35. Rd1 f5 36. Kc2 Ba4+ 37. Kd2 Bxd1 0-1

[Event "Early-Titled-Tuesday-Blitz-March-05-2024"]
[Site "Chess.com"]
[Date "2024.03.05"]
[Round "7"]
[White "Vse_po_kaify"]
[Black "HATilay"]
[Result "0-1"]
[WhiteElo "2345"]
[BlackElo "2686"]
[TimeControl "180+1"]
[EndTime "9:18:45 PST"]
[Termination "HATilay won by resignation"]

1. e4 c5 2. c4 Nc6 3. Nc3 e6 4. g3 Nd4 5. Bg2 Ne7 6. Nge2 Rb8 7. O-O Nec6 8. f4 a6 9. d3 b5 10. h3 b4 11. Nb1 Nxe2+ 12. Qxe2 Nd4 13. Qf2 Bb7 14.
Nd2 Be7 15. Nb3 Nxb3 16. axb3 O-O 17. g4 d5 18. e5 dxc4 19. dxc4 Qd3 20. Qe3 Qc2 21.
Rf2 Qd1+ 22. Rf1 Qc2 23. Rf2 Qg6 24. Bd2 Rfd8 25. Be1 Rd3 26. f5 Rxe3 27. fxg6 hxg6 28. Bxb7 Rxb7 29. Kf1 Rxb3 30. Rxa6 Bh4 31. Rd2 Bxe1 32. Rd8+ Kh7 33. Kxe1 g5 34. Raa8 Rxb2 35. h4 gxh4 36.
Rh8+ Kg6 37. Rxh4 Rg2 38. Kf1 Rc2 0-1

[Event "Early-Titled-Tuesday-Blitz-March-05-2024"]
[Site "Chess.com"]
[Date "2024.03.05"]
[Round "7"]
[White "JohnWhite1952"]
[Black "MeesvanOsch"]
[Result "0-1"]
[WhiteElo "2015"]
[BlackElo "2386"]
[TimeControl "180+1"]
[EndTime "9:18:45 PST"]
[Termination "MeesvanOsch won on time"]

1. e4 e6 2. d3 d5 3. Nd2 Nf6 4. Ngf3 Nc6 5. g3 dxe4 6. dxe4 Bc5 7. Bg2 O-O 8. O-O e5 9. h3 a5 10. a4 b6 11. Re1 Ba6 12. c3 Qd7 13. Rb1 Qe6 14.
Qc2 Rfd8 15. Nf1 Bd3 16. Qd2 Bxb1 17. Qg5 h6 18. Qh4 Bc2 19. Ne3 Bxe4 20. Ng4 Nxg4 21. hxg4 Bc2 22. g5 Be7 23. Qh5 Bg6 24. Qh2 Bxg5 25. Bxg5 hxg5 26. Nxg5 Qg4 27. Bxc6 Qxg5 28. Bxa8 Rxa8 29. Qg2 e4 30. Rd1 Re8 31. Rd7 e3 32. fxe3 Qxe3+ 33. Kh2 Qe2 0-1

[Event "Early-Titled-Tuesday-Blitz-March-05-2024"]
[Site "Chess.com"]
[Date "2024.03.05"]
[Round "7"]
[White "IngOscarArdila"]
[Black "BeyondMadness"]
[Result "1-0"]
[WhiteElo "2325"]
[BlackElo "2223"]
[TimeControl "180+1"]
[EndTime "9:18:45 PST"]
[Termination "IngOscarArdila won on time"]

1. d4 e5 2. dxe5 d6 3. Nf3 Nc6 4. e3 Bg4 5. Bb5 dxe5 6. Qxd8+ Rxd8 7. Bxc6+ bxc6 8. Nbd2 f6 9. O-O Ne7 10. h3 Bh5 11. b3 Nd5 12. Bb2 Be7 13. a3 O-O 14. c4 Nb6 15. Rfd1 Rd3 16. g4 Bg6 17. Ne1 Rd7 18.
Ndf3 Rfd8 19. Rxd7 Rxd7 20. Kf1 Bd3+ 21. Kg1 Be4 22.
Kf1 a5 23. a4 Bb4 24. Ke2 Kf7 25. Rd1 Rxd1 26. Kxd1 Nd7 27. Nd2 Bg6 28. Nc2 Bxd2 29. Kxd2 Nc5 30. Na1 Ne4+ 31. Ke1 1-0

[Event "Early-Titled-Tuesday-Blitz-March-05-2024"]
[Site "Chess.com"]
[Date "2024.03.05"]
[Round "7"]
[White "tetrix83"]
[Black "moro182"]
[Result "0-1"]
[WhiteElo "2636"]
[BlackElo "2834"]
[TimeControl "180+1"]
[EndTime "9:18:46 PST"]
[Termination "moro182 won on time"]

1. e4 g6 2. d4 Bg7 3. Nf3 d6 4. c3 Nf6 5. Bd3 O-O 6. O-O Nc6 7.
Re1 e5 8. h3 Nh5 9. Be3 h6 10.
Nbd2 Qf6 11. Bf1 Nf4 12. Kh2 g5 13. g3 g4 14. dxe5 dxe5 15. hxg4 Bxg4 16. gxf4 exf4 17. Bd4 Nxd4 18. cxd4 Qg6 19. Qb3 Kh8 20. Bg2 Rg8 21. Rh1 Be6 22. d5 Bd4 23. Nh4 Qg4 24. Kg1 Qe2 25. Qf3 Qxd2 26. Nf5 Bxf5 27. exf5 Rg3 28. Rd1 Bxf2+ 29. Kh2 Qe3 30. Qxe3 fxe3 0-1

[Event "Early-Titled-Tuesday-Blitz-March-05-2024"]
[Site "Chess.com"]
[Date "2024.03.05"]
[Round "7"]
[White "Mikhail_Golubev"]
[Black "Fandorine"]
[Result "0-1"]
[WhiteElo "2662"]
[BlackElo "2930"]
[TimeControl "180+1"]
[EndTime "9:18:48 PST"]
[Termination "Fandorine won by resignation"]

1. e4 e5 2. Nf3 Nc6 3. Bc4 Nf6 4. Ng5 d5 5. exd5 b5 6. Bf1 Nxd5 7. Bxb5 Bb7 8. Nf3 Bd6 9. O-O O-O 10. d3 Nd4 11. Bc4 Nb6 12. Nxd4 Nxc4 13. Nf3 Nb6 14. Re1 Qf6 15.
Nc3 Rae8 16. Ne4 Qd8 17. Be3 f5 18. Nxd6 cxd6 19. Bxb6 Qxb6 20. Nd2 Re6 21. Nc4 Qc5 22. b4 Qd5 23. Ne3 Qd4 24. Qd2 f4 25. Nf1 Rg6 26. g3 fxg3 27. hxg3 Rh6 0-1

[Event "Early-Titled-Tuesday-Blitz-March-05-2024"]
[Site "Chess.com"]
[Date "2024.03.05"]
[Round "7"]
[White "LikeWater"]
[Black "Road2GM3000"]
[Result "1-0"]
[WhiteElo "2687"]
[BlackElo "2503"]
[TimeControl "180+1"]
[EndTime "9:18:48 PST"]
[Termination "LikeWater won by checkmate"]

1. e4 c5 2. Nf3 d6 3. Bc4 Nf6 4.
d3 e6 5. O-O Be7 6. a3 O-O 7.
Ba2 b5 8. Nc3 a6 9. Ne2 Bb7 10.
Ng3 Nbd7 11. Re1 Ne5 12. Ng5 h6 13. Nh3 Ng6 14. f4 Qc7 15. f5 exf5 16. Nxf5 Bc8 17. Rf1 Be6 18. Be3 Bxa2 19. Rxa2 d5 20. Qd2 Rfe8 21.
Nf4 dxe4 22. dxe4 Nxe4 23. Qd3 Nf6 24. Raa1 Rad8 25. Qc3 c4 26. Rae1 Nxf4 27. Bxf4 Qb6+ 28. Kh1 Nd5 29. Qxg7# 1-0

[Event "Early-Titled-Tuesday-Blitz-March-05-2024"]
[Site "Chess.com"]
[Date "2024.03.05"]
[Round "7"]
[White "Joachim100x"]
[Black "FREDERICKtheMATE"]
[Result "1/2-1/2"]
[WhiteElo "2502"]
[BlackElo "2715"]
[TimeControl "180+1"]
[EndTime "9:18:49 PST"]
[Termination "Game drawn by repetition"]

1. Nc3 d5 2. d4 Nf6 3. Bg5 Bf5 4. e3 e6 5. Bd3 Bxd3 6. Qxd3 Nbd7 7. Nf3 h6 8. Bh4 Be7 9. O-O O-O 10. Rad1 c5 11.
dxc5 Nxc5 12. Qe2 Nfe4 13. Nxe4 Nxe4 14. Bxe7 Qxe7 15. Nd2 Nxd2 16. Rxd2 Rfc8 17. c3 Rc4 18. Rfd1 Rac8 19. Rd4 f5 20. h3 b5 21. a3 a5 22. g4 fxg4 23. Qxg4 b4 24. axb4 axb4 25. e4 bxc3 26. bxc3 dxe4 27. Qxe4 Rxc3 28. Rd6 Qg5+ 29.
Kf1 R3c4 30. Qxe6+ Kh7 31. R6d5 Qf4 32. Qf5+ Qxf5 33.
Rxf5 R8c7 34. Kg2 R4c6 35. Rf3 g5 36. Rd4 Kg6 37. h4 Re6 38. hxg5 hxg5 39. Rd5 Rc4 40. Rg3 g4 41. Rd2 Kh5 42. f3 Kh4 43. Rxg4+ Rxg4+ 44. fxg4 Kxg4 45. Kf2 Kf4 46. Re2 Rh6 47. Re8 Rh2+ 48. Kg1 Ra2 49. Rf8+ Kg3 50. Rg8+ Kf3 51. Rf8+ Kg4 52.
Rg8+ Kf5 53. Rg2 Ra6 54. Rf2+ Ke5 55. Rg2 Kd5 56. Re2 Kd4 57. Kf2 Rf6+ 58. Kg3 Rf5 59.
Rf2 Re5 60. Rf4+ Ke3 61. Rf3+ Ke2 62. Rf2+ Ke3 63. Rf3+ Ke4 64. Rf4+ Kd5 65. Kg4 Ke6 66.
Kf3 Ra5 67. Re4+ Kf5 68. Rf4+ Kg5 69. Rg4+ Kh5 70. Re4 Rf5+ 71. Rf4 Ra5 72. Re4 Ra3+ 73. Re3 Ra5 74. Re4 1/2-1/2

[Event "Early-Titled-Tuesday-Blitz-March-05-2024"]
[Site "Chess.com"]
[Date "2024.03.05"]
[Round "7"]
[White "verrbaa"]
[Black "Louis-Paulsen-Fan"]
[Result "0-1"]
[WhiteElo "2506"]
[BlackElo "2251"]
[TimeControl "180+1"]
[EndTime "9:18:49 PST"]
[Termination "Louis-Paulsen-Fan won by resignation"]

1. e4 Nf6 2. e5 Nd5 3. d4 d6 4. Nf3 Nb6 5. c4 g6 6. Nc3 Bg7 7. exd6 cxd6 8. Be3 O-O 9. Rc1 Bf5 10. Be2 d5 11. cxd5 Nxd5 12. Qb3 Nxe3 13. fxe3 Nd7 14. h3 Bh6 15. g4 Bxe3 16. Rd1 Be6 17. d5 Nc5 18.
Qa3 Qc7 19. d6 Qb6 20. dxe7 Rfe8 21. b4 Na6 22. Nb5 Rxe7 23. Rd6 Bf2+ 24. Kf1 Qe3 25. Qxe3 Bxe3 26. a3 Bf4 27. Rd4 Be3 28. Re4 Bb6 29. Kg2 Rd7 30. Ne5 Bd5 31. Nxd7 Bxe4+ 32. Kf1 Bxh1 33.
Nxb6 axb6 0-1

[Event "Early-Titled-Tuesday-Blitz-March-05-2024"]
[Site "Chess.com"]
[Date "2024.03.05"]
[Round "7"]
[White "Kumi29"]
[Black "KetiTsatsalashvili"]
[Result "0-1"]
[WhiteElo "2596"]
[BlackElo "2493"]
[TimeControl "180+1"]
[EndTime "9:18:49 PST"]
[Termination "KetiTsatsalashvili won by resignation"]

1. d4 Nf6 2. Bg5 c5 3. d5 Qb6 4. Nc3 e6 5. dxe6 fxe6 6. e4 Be7 7. e5 Qxb2 8. Bd2 Nd5 9. Nxd5 exd5 10. Nf3 Nc6 11. Rb1 Qa3 12. Rb3 Qxa2 13. Bg5 Qa5+ 14. c3 c4 15. Rb1 Bxg5 16. Nxg5 Qxc3+ 17. Qd2 Qxe5+ 18. Kd1 O-O 19. g3 c3 20. Qe3 Qxe3 21.
fxe3 Rf2 22. Nh3 c2+ 23. Ke1 Rxf1+ 24. Kxf1 cxb1=Q+ 25. Kg2 Qe4+ 26. Kg1 Qxe3+ 27. Nf2 Nd4 0-1

[Event "Early-Titled-Tuesday-Blitz-March-05-2024"]
[Site "Chess.com"]
[Date "2024.03.05"]
[Round "7"]
[White "Iskusnyh"]
[Black "db-banana"]
[Result "1-0"]
[WhiteElo "2692"]
[BlackElo "2483"]
[TimeControl "180+1"]
[EndTime "9:18:52 PST"]
[Termination "Iskusnyh won by resignation"]

1. d4 Nf6 2. c4 c5 3. d5 e6 4. Nc3 exd5 5. cxd5 Bd6 6. Nf3 O-O 7. Bg5 h6 8. Bh4 Re8 9. e3 Bc7 10. Be2 d6 11. O-O Bf5 12. Nd2 Nbd7 13. e4 Bg6 14.
f3 Qb8 15. Bb5 a6 16. Be2 b5 17.
a4 c4 18. axb5 axb5 19. Rxa8 Bb6+ 20. Kh1 Qxa8 21. Nxb5 Qb8 22. Nxc4 Bc5 23. Nd4 Nh5 24. Nc6 Qc7 25. b4 Bb6 26. f4 Bxe4 27. Bxh5 Nb8 28. Bf3 Nxc6 29. dxc6 Bxc6 30. Qxd6 Bb5 31. Rc1 Qxd6 32.
Nxd6 Rc8 33. Rxc8+ 1-0

[Event "Early-Titled-Tuesday-Blitz-March-05-2024"]
[Site "Chess.com"]
[Date "2024.03.05"]
[Round "7"]
[White "Felix-Rose"]
[Black "SmirnovTimofey2000"]
[Result "0-1"]
[WhiteElo "2277"]
[BlackElo "1965"]
[TimeControl "180+1"]
[EndTime "9:18:52 PST"]
[Termination "SmirnovTimofey2000 won on time"]

1. e4 e5 2. Nf3 Nf6 3. Nc3 Bb4 4.
Nxe5 O-O 5. d3 d5 6. exd5 Nxd5 7. Bd2 Re8 8. Nxd5 Bxd2+ 9. Kxd2 Qxd5 10. Nc4 Qf5 11.
Qf3 Qg5+ 12. Ne3 Nc6 13. Re1 Qa5+ 14. c3 Qxa2 15. Nd1 Be6 16. c4 Qa5+ 17. Nc3 Nd4 18. Qxb7 Rab8 19. Qe4 Rxb2+ 20. Ke3 Bd7 21. Kxd4 Rxe4+ 22. Rxe4 Qb6+ 23. c5 Rb4+ 24. Ke3 Qxc5+ 25. Kf3 Qxc3 26.
Be2 Bc6 27. Rd1 Bxe4+ 0-1

[Event "Early-Titled-Tuesday-Blitz-March-05-2024"]
[Site "Chess.com"]
[Date "2024.03.05"]
[Round "7"]
[White "Yan_Dyomin2010"]
[Black "ajeale2"]
[Result "1-0"]
[WhiteElo "2709"]
[BlackElo "2501"]
[TimeControl "180+1"]
[EndTime "9:18:53 PST"]
[Termination "Yan_Dyomin2010 won on time"]

1. e4 g6 2. d4 Bg7 3. Nf3 d6 4.
h3 Nf6 5. Nc3 O-O 6. Be3 Nc6 7.
Bb5 a6 8. Bxc6 bxc6 9. Qd2 a5 10.
O-O Rb8 11. b3 Nd7 12. Bh6 Bb7 13. Bxg7 Kxg7 14. Rfe1 c5 15. d5 f6 16. Qe3 Bc8 17. Nd2 Nb6 18. f4 a4 19. Rad1 Qe8 20. e5 Qf7 21. e6 Qe8 22. Rb1 axb3 23. cxb3 Bb7 24. Qd3 Ra8 25. Nc4 Ba6 26. Qe4 Rb8 27. f5 Qc8 28.
Na5 Bb7 29. Re3 Ra8 30. Nxb7 Qxb7 31. Rg3 g5 32. h4 h6 33. Qg4 Qc8 34. hxg5 hxg5 35.
Ne4 Rg8 36. Nxg5 1-0

[Event "Early-Titled-Tuesday-Blitz-March-05-2024"]
[Site "Chess.com"]
[Date "2024.03.05"]
[Round "7"]
[White "viktorskliarov"]
[Black "Sjakkerntobi"]
[Result "0-1"]
[WhiteElo "2580"]
[BlackElo "2480"]
[TimeControl "180+1"]
[EndTime "9:18:54 PST"]
[Termination "Sjakkerntobi won by resignation"]

1. e4 e6 2. d4 d5 3. e5 c5 4.
c3 Qb6 5. Nf3 Bd7 6. Be2 Bb5 7.
c4 Bxc4 8. Bxc4 dxc4 9. d5 exd5 10. Qxd5 Nc6 11. e6 fxe6 12. Qxe6+ Be7 13. O-O Nd4 14. Nxd4 cxd4 15. Qxc4 Qc5 16. Qa4+ Qc6 17. Qxd4 Nf6 18. Re1 O-O 19. Nc3 Rad8 20. Qh4 Bc5 21. Be3 Bxe3 22. Rxe3 Rd2 23. b3 Nd5 24. Nxd5 Qxd5 25. a4 g5 26. Qg3 Rdxf2 27. Qxf2 Rxf2 28. Kxf2 Qd2+ 29. Kf3 g4+ 30. Ke4 Qxg2+ 31. Kd4 Qb2+ 0-1

[Event "Early-Titled-Tuesday-Blitz-March-05-2024"]
[Site "Chess.com"]
[Date "2024.03.05"]
[Round "7"]
[White "wannabe2700"]
[Black "Volodar_Murzin"]
[Result "0-1"]
[WhiteElo "2776"]
[BlackElo "2966"]
[TimeControl "180+1"]
[EndTime "9:18:56 PST"]
[Termination "Volodar_Murzin won by resignation"]

1. b3 e5 2. Bb2 Nc6 3. e3 Nge7 4. c4 g6 5. Nf3 Bg7 6. Nc3 O-O 7. Be2 e4 8. Ng5 f5 9. d3 d5 10. d4 h6 11. Nh3 g5 12. cxd5 Nb4 13. Bc4 Nbxd5 14.
f3 c6 15. fxe4 fxe4 16. Nf2 b5 17. Bxd5+ cxd5 18. O-O b4 19. Na4 Nf5 20. Qd2 h5 21. a3 g4 22. axb4 Bh6 23. Nd1 Ba6 24. Rf2 g3 25.
hxg3 Nxg3 26. Nc5 Qh4 27. Rxf8+ Rxf8 28. Nf2 Ne2+ 29. Qxe2 Bxe2 30. Nh3 Bxe3+ 31. Kh1 Bg4 0-1

[Event "Early-Titled-Tuesday-Blitz-March-05-2024"]
[Site "Chess.com"]
[Date "2024.03.05"]
[Round "7"]
[White "GelmanAlexander"]
[Black "ChessLover0108"]
[Result "0-1"]
[WhiteElo "2672"]
[BlackElo "2947"]
[TimeControl "180+1"]
[EndTime "9:18:57 PST"]
[Termination "ChessLover0108 won by resignation"]

1. d4 d6 2. Nc3 g6 3. e4 Bg7 4. f4 Nf6 5. Nf3 O-O 6. e5 Nfd7 7. h4 c5 8. e6 fxe6 9. h5 cxd4 10. Nxd4 Nc5 11. hxg6 hxg6 12. Qg4 Rf6 13. Nf3 Nc6 14. Qh4 Qa5 15. Qh7+ Kf8 16. f5 gxf5 17. Bg5 Ne4 18. Bxf6 Bxf6 19. Bd3 Nxc3 20. bxc3 Qxc3+ 21. Ke2 Ke8 22. Rab1 Kd7 23. Qg8 b6 24. Rb3 Qc5 25.
Rb5 Nd4+ 26. Nxd4 Qxd4 27. Rd1 Bb7 28. Qf7 Qg4+ 29. Kd2 Qf4+ 30. Ke2 Bxg2 31. Rxf5 exf5 32. Ba6 Bf3+ 0-1

[Event "Early-Titled-Tuesday-Blitz-March-05-2024"]
[Site "Chess.com"]
[Date "2024.03.05"]
[Round "7"]
[White "Kopytkin"]
[Black "ReadySkate"]
[Result "0-1"]
[WhiteElo "2444"]
[BlackElo "2579"]
[TimeControl "180+1"]
[EndTime "9:18:57 PST"]
[Termination "ReadySkate won on time"]

1. e4 c5 2. c3 d5 3. exd5 Qxd5 4.
d4 Nc6 5. Nf3 Bf5 6. Be2 Nf6 7. c4 Qd8 8. d5 Nb4 9. Na3 e6 10. Qa4+ Qd7 11. Qxd7+ Nxd7 12. dxe6 Bxe6 13. O-O O-O-O 14. Bg5 f6 15. Bf4 g5 16. Bg3 a6 17.
Ne1 h5 18. h3 h4 19. Bh2 Bg7 20.
Nac2 f5 21. Nxb4 cxb4 22. Nd3 f4 23. Nxb4 Bxb2 24. Rab1 Bd4 25. Rfd1 Nc5 26. Nd5 Bxd5 27. Rxd4 Bc6 28. Rdd1 Rhe8 29. Kf1 Bxg2+ 30. Kxg2 Rxe2 31. Rxd8+ Kxd8 32. Kf3 Rxa2 33. Kg4 Rxf2 34. Bg1 Rg2+ 35. Kf5 Nd7 36. Bd4 Kc7 37. Re1 f3 38. Rf1 Rg3 39. Be3 Rxh3 40. Bxg5 Nb6 41. Kg4 Rg3+ 42. Kxh4 Rg2 43. c5 Nd7 44. Bf4+ Kc6 45. Bd6 Nxc5 46. Bf4 Ne6 47. Be3 f2 48. Bxf2 b5 49. Rc1+ Kd5 50.
Bg3 Nd4 51. Kg4 Rxg3+ 52. Kxg3 Ne2+ 0-1

[Event "Early-Titled-Tuesday-Blitz-March-05-2024"]
[Site "Chess.com"]
[Date "2024.03.05"]
[Round "7"]
[White "maurovargas01"]
[Black "ChessFanNM"]
[Result "0-1"]
[WhiteElo "1842"]
[BlackElo "2257"]
[TimeControl "180+1"]
[EndTime "9:18:57 PST"]
[Termination "ChessFanNM won on time"]

1. e4 e5 2. Nf3 Nc6 3. d4 exd4 4. Bc4 Nf6 5. e5 d5 6. Bb5 Ne4 7. Nxd4 Bd7 8. Bxc6 bxc6 9. O-O Bc5 10. c3 Bb6 11. f3 Ng5 12. Be3 Qe7 13. Nd2 c5 14.
N4b3 O-O 15. f4 Ne4 16. Nxe4 dxe4 17. Qe2 Qe6 18. Nxc5 Bxc5 19. Bxc5 Rfe8 20. Rad1 Bc6 21. Be3 Qxa2 22. Ra1 Qd5 23. Rxa7 Rxa7 24. Bxa7 Bb5 25.
Rd1 Qb7 26. Qe3 Ba4 0-1

[Event "Early-Titled-Tuesday-Blitz-March-05-2024"]
[Site "Chess.com"]
[Date "2024.03.05"]
[Round "7"]
[White "chessamical"]
[Black "Matols"]
[Result "1/2-1/2"]
[WhiteElo "2155"]
[BlackElo "2388"]
[TimeControl "180+1"]
[EndTime "9:18:59 PST"]
[Termination "Game drawn by agreement"]

1. d4 d5 2. Bf4 Nf6 3. e3 c5 4.
Nf3 Nc6 5. Nbd2 Bg4 6. c3 e6 7. Qb3 Qc8 8. h3 Bxf3 9. Nxf3 Be7 10. Be2 O-O 11. O-O Ne4 12. Rfd1 c4 13. Qc2 f5 14.
Ne5 Nxe5 15. Bxe5 Bh4 16. g3 Bf6 17. Bxf6 Rxf6 18. Bf3 Qc7 19. Kg2 Rg6 20. Bxe4 fxe4 21. b3 Rf8 22. bxc4 Qxc4 23. Rab1 b5 24. Rb4 Qc6 25.
Rdb1 a6 26. a4 Qc7 27. axb5 axb5 28. Rxb5 Qf7 29. Rb8 Qf3+ 30. Kh2 Rf6 31. Rxf8+ Rxf8 32. Rb2 h5 33. Qe2 Qf5 34. h4 Rc8 35. Rc2 Rc4 36.
Kg2 Kh7 37. Rc1 Kg6 38. Rc2 1/2-1/2

[Event "Early-Titled-Tuesday-Blitz-March-05-2024"]
[Site "Chess.com"]
[Date "2024.03.05"]
[Round "7"]
[White "Iball95"]
[Black "GlavkonVVS"]
[Result "1-0"]
[WhiteElo "2909"]
[BlackElo "2562"]
[TimeControl "180+1"]
[EndTime "9:19:00 PST"]
[Termination "Iball95 won by resignation"]

1. e4 Nf6 2. e5 Nd5 3. c4 Nb6 4. c5 Nd5 5. Bc4 e6 6. d4 b6 7.
cxb6 axb6 8. Nc3 c6 9. Nh3 Ba6 10. Bxa6 Nxa6 11. O-O Be7 12. Qg4 Kf8 13. Bg5 Nab4 14.
Ne4 h6 15. Bxe7+ Qxe7 16. a3 Nc2 17. Rad1 Ra4 18. Nd6 c5 19. f4 Nce3 20. Qf3 Nxd1 21. Qxd1 Rxd4 22. Qb3 f5 23. Qg3 g5 24. fxg5 Rg4 25.
Qxg4 Ne3 26. Qf4 Nxf1 27. gxh6 Nxh2 28. Kxh2 Rg8 29. Qf3 Qd8 30. Qh5 Qe7 31. Nf4 1-0

[Event "Early-Titled-Tuesday-Blitz-March-05-2024"]
[Site "Chess.com"]
[Date "2024.03.05"]
[Round "7"]
[White "ccccvhhhj"]
[Black "AEMEffi"]
[Result "1-0"]
[WhiteElo "2478"]
[BlackElo "2323"]
[TimeControl "180+1"]
[EndTime "9:19:00 PST"]
[Termination "ccccvhhhj won by resignation"]

1. e4 e5 2. Nf3 Nc6 3. d4 exd4 4. Nxd4 Nf6 5. Bb5 Bc5 6. Nb3 Bb6 7. Nc3 d6 8. Bg5 h6 9. Bh4 a6 10. Bd3 g5 11.
Bg3 h5 12. h4 Ng4 13. Qd2 Rg8 14. O-O-O Be6 15. hxg5 Qxg5 16. Bf4 Qf6 17. Bg3 a5 18. Kb1 a4 19. Nc1 a3 20. b3 Ba5 21. N1e2 Nd4 22.
Nxd4 Bd7 23. Bc4 c6 24. Bh4 Qg7 25. Rh3 b5 26. Bf1 Ne5 27. Nf5 Bxf5 28. exf5 d5 29.
Qf4 f6 30. Rg3 Qf7 31. Rxg8+ Qxg8 32. Bxf6 Nd7 33. Qe3+ 1-0

[Event "Early-Titled-Tuesday-Blitz-March-05-2024"]
[Site "Chess.com"]
[Date "2024.03.05"]
[Round "7"]
[White "Hikaru"]
[Black "kleinebeer98"]
[Result "1-0"]
[WhiteElo "3273"]
[BlackElo "2897"]
[TimeControl "180+1"]
[EndTime "9:19:01 PST"]
[Termination "Hikaru won by checkmate"]

1. h3 d5 2. d4 Nf6 3. Nf3 c5 4. e3 cxd4 5. exd4 Bf5 6. c4 Nc6 7. Nc3 e6 8. c5 a6 9. a3 Be7 10. b4 O-O 11. Bd3 Ne4 12. Bb2 Bf6 13. Ne2 a5 14. b5 Nb8 15. Rc1 Nd7 16. Rc2 Qe7 17. O-O Rfc8 18. Re1 a4 19. Nc3 Nxc3 20. Bxc3 Bg6 21.
Bxg6 hxg6 22. Qd3 g5 23. Bd2 Qd8 24. Rec1 Nf8 25. Be3 Ng6 26. Qd2 e5 27. dxe5 Bxe5 28. Bxg5 Qe8 29. c6 bxc6 30. bxc6 Bd6 31. Rc3 Ra6 32. Qxd5 Bf4 33. Re1 Qf8 34. Bxf4 Nxf4 35. Qb5 Raa8 36. Nd4 Qd6 37. Nf5 Qd2 38. Rce3 Rc7 39.
Ne7+ Kf8 40. Qf5 Qd6 41. Qh7 Qh6 42. Qg8# 1-0

[Event "Early-Titled-Tuesday-Blitz-March-05-2024"]
[Site "Chess.com"]
[Date "2024.03.05"]
[Round "7"]
[White "Austen48"]
[Black "Semetey"]
[Result "1-0"]
[WhiteElo "2322"]
[BlackElo "2586"]
[TimeControl "180+1"]
[EndTime "9:19:01 PST"]
[Termination "Austen48 won on time"]

1. d4 d5 2. c4 e6 3. Nc3 Nf6 4. cxd5 exd5 5. Bg5 Nbd7 6. e3 Be7 7. Qc2 c6 8. Bd3 h6 9. Bh4 Nh5 10. Bxe7 Qxe7 11.
Nge2 Nb6 12. h3 Nf6 13. O-O-O Be6 14. g4 O-O-O 15. Kb1 Kb8 16. Na4 Nxa4 17. Qxa4 Ne8 18. Nc1 Nd6 19. Nb3 f5 20. f3 Bc8 21. Rhe1 Rhf8 22. e4 fxe4 23. fxe4 dxe4 24. Nc5 Rf4 25. Qb4 Re8 26. Re3 Qf8 27. Be2 Ka8 28. Ra3 Be6 29.
Qb6 1-0

[Event "Early-Titled-Tuesday-Blitz-March-05-2024"]
[Site "Chess.com"]
[Date "2024.03.05"]
[Round "7"]
[White "Kotofeyca"]
[Black "Kislov_Oleg"]
[Result "0-1"]
[WhiteElo "2448"]
[BlackElo "2574"]
[TimeControl "180+1"]
[EndTime "9:19:02 PST"]
[Termination "Kislov_Oleg won by checkmate"]

1. d4 Nf6 2. c4 e6 3. Nf3 d5 4.
cxd5 exd5 5. Nc3 c6 6. Bg5 Be7 7. Qc2 O-O 8. e3 Re8 9. Bd3 h6 10. Bh4 Ne4 11. Bxe4 Bxh4 12. Bh7+ Kh8 13. O-O Bf6 14.
Bf5 Bxf5 15. Qxf5 Qd7 16. Qd3 Na6 17. Rab1 Nc7 18. b4 a6 19. a4 Qd6 20. b5 axb5 21. axb5 c5 22. dxc5 Qxc5 23. Rfc1 Ra3 24. Nd4 Ne6 25.
Qd2 Bxd4 26. Nd1 Qb6 27. exd4 Qxd4 28. Qxd4 Nxd4 29. Kf1 Ne6 30. Ne3 d4 31. Nc4 Ra2 32.
Nd6 Re7 33. Rc8+ Kh7 34. Rb8 Nf4 35. Rxb7 Ree2 36. Kg1 Rxf2 37. Rxf7 Rxg2+ 38. Kf1 Raf2+ 39. Ke1 Nd3+ 40. Kd1 Rd2# 0-1